 Dungeon Crawl Stone Soup version 0.30-a0-1018-g25214051b3 (webtiles) character file.

Game seed: 8389559093117522666

37 EonDragon20 the Insei (level 3, 27/27 HPs)
             Began as a Merfolk Transmuter on Apr 8, 2023.
             Quit the game on level 1 of the Dungeon on Oct 22, 2023.
             The game lasted 00:06:26 (1149 turns).

EonDragon20 the Insei (Merfolk Transmuter)          Turns: 1149, Time: 00:06:26

Health: 27/27      AC:  2    Str: 12    XL:     3   Next: 39%
Magic:  6/6        EV: 12    Int: 12    God:
Gold:   0          SH:  0    Dex: 14    Spells: 3/6 levels left

rFire   . . .      SeeInvis .      - Unarmed
rCold   . . .      Faith    .    (no shield)
rNeg    . . .      Spirit   .    a - +0 robe
rPois   .          Reflect  .    (no helmet)
rElec   .          Rampage  .    (no cloak)
rCorr   .                        (no gloves)
Will    .....                    (no boots)
Stlth   +                        (no amulet)
HPRegen 0.24/turn                (no ring)
MPRegen 0.10/turn                (no ring)

@: about to teleport
A: (nimble swimmer 2), mertail
a: no special abilities


You were on level 1 of the Dungeon.
You visited 1 branch of the dungeon, and saw 1 of its levels.

Inventory:

Armour
 a - a +0 robe (worn)
 g - a +1 buckler of poison resistance
Jewellery
 k - a ring of willpower
Potions
 b - a potion of lignification
 e - a potion of resistance {unknown}
 f - a potion of heal wounds {unknown}
 j - a potion of curing {unknown}


   Skills:
 + Level 1.7 Fighting
 - Level 2.8 Dodging
 * Level 3.8 Unarmed Combat
 + Level 2.2 Spellcasting
 * Level 3.5 Transmutations


You had 3 spell levels left.
You knew the following spells:

 Your Spells              Type           Power      Damage    Failure   Level
a - Beastly Appendage     Tmut           18%        N/A       6%          1
b - Wereblood             Tmut           9%         N/A       10%         2

Your spell library contained the following spells:

 Spells                   Type           Power      Damage    Failure   Level
 Spider Form              Tmut/Pois      5%         N/A       36%         3
 Ice Form                 Ice/Tmut       5%         N/A       77%         4


Dungeon Overview and Level Annotations

Branches:
Dungeon (1/15)

Altars:


Innate Abilities, Weirdness & Mutations

((You are very nimble when in or above water. (Stealth+, EV+, Speed+++)))
Your lower body shifts to a powerful aquatic tail in water.


Message History

You hit the kobold.
You kill the kobold!
Things that are here:
a +0 dagger; 5 stones; a kobold corpse Your horns disappear.
Found an opal ring.
You pick your way through the web.
k - a ring of willpower
There is a web here.
A quokka comes into view.
You closely miss the quokka. The quokka closely misses you.
You barely miss the quokka.
The quokka bites you but does no damage.
You hit the quokka.
The quokka is moderately wounded.
The quokka bites you but does no damage.
You hit the quokka.
You kill the quokka!
There is an open door here.
You open the door.
There is an open door here.
There is an open door here.
There is an open door here.
There is an open door here.
There is a stone staircase leading down here.
As you read the scroll labelled APLUIS MOTTEI, it crumbles to dust.
It is a scroll of amnesia.
Really abort (and waste the scroll)?
Okay, then.
As you read the scroll labelled DAEXZU COUXZETWA, it crumbles to dust.
You feel strangely unstable.
It was a scroll of teleportation.
As you read the scroll labelled FYXKUNO TUONEI, it crumbles to dust.
It is a scroll of brand weapon.
You aren't carrying any weapons that can be branded.
As you read the scroll labelled ZYTUDO LOOLIA, it crumbles to dust.
You hear a loud clanging noise!
It was a scroll of noise.
Welcome back, EonDragon20 the Merfolk Transmuter.
Press ? for a list of commands and other information.
Are you sure you want to abandon this character and quit the game? (Confirm with "yes".)

#.................
##################
#........ #.#######
#)#..##.. #.#..#...
#.#..##..
##########.#..##..
#@......).....##..
#.########.#..##..
#.# #.#..##..
#.########.#..##..
#..##......#...#..
#...#......#...(.#
#.#.#......##†.###
#.#.#......+......
####.#.#......##..###


There were no monsters in sight!

Vanquished Creatures
  A dart slug (D:1)
  2 bats (D:1)
  2 endoplasms (D:1)
  4 giant cockroaches (D:1)
  3 goblins (D:1)
  5 hobgoblins (D:1)
  2 quokkas (D:1)
  3 ball pythons (D:1)
  3 frilled lizards (D:1)
  2 kobolds (D:1)
  4 rats (D:1)
31 creatures vanquished.

Notes
Turn   | Place    | Note
-------+----------+-------------------------------------------
     0 | D:1      | EonDragon20 the Merfolk Transmuter began the quest for the
                  | Orb.
     0 | D:1      | Reached XP level 1. HP: 15/15 MP: 3/3
   201 | D:1      | Reached XP level 2. HP: 19/21 MP: 3/5
   264 | D:1      | Learned a level 2 spell: Wereblood
   455 | D:1      | Reached XP level 3. HP: 11/26 MP: 4/6
  1149 | D:1      | Quit the game

Illustrated notes

Levels and vault maps discovered:
D:1:      saegor_arrival_simple_e, layout_basic, corner_web_ring

Skill      XL: |  1 |
---------------+----+-----
Transmutations | 3 |  3.5
Fighting       | |  1.7
Dodging        | |  2.8
Unarmed Combat | |  3.8
Spellcasting   | |  2.2

Action                     || total
---------------------------++-------
  Melee: Unarmed           ||    94
         Punch             ||     4
         Headbutt          ||     8
   Cast: Beastly Appendage ||    12
    Use: Scroll            ||     4
   Stab: Sleeping          ||     4
 Armour: Robe              ||    16
  Dodge: Dodged            ||    57

Table legend: (Time is in decaauts)
 A = Elapsed time spent in this place.
 B = Non-inter-level travel time spent in this place.
 C = Inter-level travel time spent in this place.
 D = Time resting spent in this place.
 E = Time spent auto-exploring this place.
 F = Levels seen in this place.
 G = Mean time per level.
                   A        B        C        D        E       F      G
               +--------+--------+--------+--------+--------+-----+--------+
         Total |   1143 |   1086 |     57 |    114 |      0 |   1 | 1143.0 |
       Dungeon |   1143 |   1086 |     57 |    114 |      0 |   1 | 1143.0 |
               +--------+--------+--------+--------+--------+-----+--------+

Top non-repeatable levels by time:
     D:1: 1143 daAuts
